 Dungeon Crawl Stone Soup version 0.13-a0-3092-g1832de8 (webtiles) character file.

12750 Kae the Arsonist (level 11, -23/54 HPs)
             Began as a Tengu Fire Elementalist on Sept 18, 2013.
             Was a Priest of Vehumet.
             Shot with an arrow by a centaur warrior (26 damage)
             ... on Level 12 of the Dungeon.
             The game lasted 01:01:30 (20886 turns).

Kae the Arsonist (Tengu Fire Elementalist)         Turns: 20886, Time: 01:01:30

HP -23/54        AC  3     Str  9      XL: 11   Next: 91%
MP  19/28        EV 12     Int 19      God: Vehumet [***...]
Gold 456         SH  0     Dex 14      Spells:  8 memorised,  5 levels left

Res.Fire  : + . .   See Invis. : .   v - +2,+3 short sword (speed)
Res.Cold  : . . .   Warding    : .   a - +1 robe
Life Prot.: . . .   Conserve   : +   (no shield)
Res.Poison: .       Res.Corr.  : .   (helmet restricted)
Res.Elec. : +       Clarity    : .   (no cloak)
Sust.Abil.: . .     Spirit.Shd : .   (no gloves)
Res.Mut.  : .       Stasis     : .   (boots unavailable)
Res.Rott. : .       Flight     : .   A - amulet of conservation
Saprovore : . . .                    (no ring)
                                     (no ring)

@: mildly poisoned, somewhat resistant to hostile enchantments, fairly stealthy
A: able to fly, beak, talons 3, fire resistance 1, electricity resistance
a: Fly, Renounce Religion


You were on level 12 of the Dungeon.
You worshipped Vehumet.
Vehumet was greatly pleased with you.
You were not hungry.

You visited 2 branches of the dungeon, and saw 13 of its levels.

You collected 586 gold pieces.
You spent 150 gold pieces at shops.

Inventory:

Hand weapons
 i - a +1,+0 dwarven dagger
 v - a +2,+3 short sword of speed (weapon)
Missiles
 h - 58 darts
 q - 5 darts of frost
 E - 2 poisoned darts (quivered)
Armour
 a - a +1 robe (worn)
Magical devices
 e - a wand of frost (8)
 r - a wand of polymorph (9)
 y - a wand of teleportation (9)
 z - a wand of paralysis (7)
 N - a wand of teleportation (4)
Comestibles
 c - 5 bread rations
 j - 6 strawberries
 u - a meat ration
 O - 2 chunks of hill giant flesh
 R - an apple
 S - a chunk of adder flesh
Scrolls
 g - 12 scrolls of identify
 k - 3 scrolls of remove curse
 n - 3 scrolls of teleportation
 o - a scroll of fog
 t - a scroll of fear
 C - a scroll of enchant armour
 I - 2 scrolls of magic mapping
Jewellery
 m - an uncursed amulet of rage
 A - an amulet of conservation (around neck)
 H - an uncursed ring of teleportation
Potions
 f - a potion of restore abilities
 p - a potion of might
 s - a potion of curing
 D - 2 potions of speed
 F - a potion of cure mutation
 M - a potion of magic
Books
 b - a book of Flames

   Spells                             Type                      Level
   *Flame Tongue                      Conjuration/Fire             1
   *Throw Flame                       Conjuration/Fire             2
   *Conjure Flame                     Conjuration/Fire             3
   Inner Flame                        Hexes/Fire                   3
   *Sticky Flame                      Conjuration/Fire             4
   *Fireball                          Conjuration/Fire             5
 d - a book of the Sky

   Spells                             Type                      Level
   Flight                             Charms/Air                   3
   Airstrike                          Air                          4
   Silence                            Hexes/Air                    5
   Deflect Missiles                   Charms/Air                   6
   Conjure Ball Lightning             Conjuration/Air              7
   Tornado                            Air                          9
 l - a book of the Earth

   Spells                             Type                      Level
   Dig                                Earth                        4
   Leda's Liquefaction                Hexes/Earth                  4
   *Bolt of Magma                     Conjuration/Fire/Earth       5
   Statue Form                        Transmutation/Earth          6
   Iron Shot                          Conjuration/Earth            6
   Shatter                            Earth                        9
 w - a book of Debilitation

   Spells                             Type                      Level
   Corona                             Hexes                        1
   *Slow                              Hexes                        2
   Inner Flame                        Hexes/Fire                   3
   Enslavement                        Hexes                        4
   Cause Fear                         Hexes                        4
   Leda's Liquefaction                Hexes/Earth                  4
 x - a book of Spatial Translocations

   Spells                             Type                      Level
   Apportation                        Translocation                1
   Portal Projectile                  Translocation                2
   Blink                              Translocation                2
   Shroud of Golubria                 Charms/Translocation         2
   Teleport Other                     Translocation                3
   Passage of Golubria                Translocation                4
 J - a book of Cantrips

   Spells                             Type                      Level
   Confusing Touch                    Hexes                        1
   Animate Skeleton                   Necromancy                   1
   Summon Small Mammal                Summoning                    1
   Apportation                        Translocation                1
 Q - a book of Changes

   Spells                             Type                      Level
   Beastly Appendage                  Transmutation                1
   Sticks to Snakes                   Transmutation                2
   Spider Form                        Transmutation/Poison         3
   Ice Form                           Ice/Transmutation            4
   Blade Hands                        Transmutation                5
Magical staves
 P - an uncursed staff of cold


   Skills:
 + Level 0.0 Fighting
 + Level 2.1 Dodging
 - Level 2.0 Stealth
 - Level 9.0 Spellcasting
 - Level 13.1 Conjurations
 - Level 13.2 Fire Magic
 + Level 0.2 Evocations


You had 5 spell levels left.
You knew the following spells:

 Your Spells              Type           Power        Failure   Level  Hunger
a - Flame Tongue          Conj/Fire      #####        1%          1    None
b - Throw Flame           Conj/Fire      ######       1%          2    None
c - Conjure Flame         Conj/Fire      ######..     1%          3    None
d - Sticky Flame          Conj/Fire      ######..     1%          4    ###....
e - Fireball              Conj/Fire      ######....   1%          5    ####...
f - Shock                 Conj/Air       ####         1%          1    None
g - Bolt of Magma         Conj/Fire/Erth #####.....   2%          5    ####...
h - Slow                  Hex            #.......     14%         2    None


Dungeon Overview and Level Annotations

Branches:
Dungeon (12/27)            Temple (1/1) D:7             Orc (0/4) D:7
   Lair: D:8-13

Altars:
Ashenzari
Cheibriados
Elyvilon
Fedhas
Kikubaaqudgha
Makhleb
Nemelex Xobeh
Okawaru
Sif Muna
Trog
Vehumet
Xom
Yredelemnul
Zin
the Shining One

Shops:
D:5 /   D:6 ?   D:9 %   D:11 /

Portals:
Trove: D:11 (give +2 gold dragon armour)

Annotations:
D:3 Sigmund
D:6 exclusions: player ghost and sky beast, Eustachio
D:10 exclusion: fire drake
D:11 Nessos


Innate Abilities, Weirdness & Mutations

You can fly.
You have a beak for a mouth.
You have claws for feet.
Your flesh is heat resistant.
You are resistant to electric shocks.


Message History

The centaur warrior shoots an arrow.
The arrow hits you!
The centaur warrior shoots an arrow.
The arrow misses you.
Casting: Throw Flame
Confirm with . or Enter, or press ? or * to list all spells.
Aiming: Throw Flame
Press: ? - help, Shift-Dir - straight line, f/p - centaur
Aim: a centaur (moderately wounded)
The puff of flame hits the centaur warrior.
The centaur warrior is heavily wounded.
You feel sick.
The centaur warrior shoots an arrow.
The arrow hits you!
* * * LOW HITPOINT WARNING * * *
Casting: Throw Flame
Confirm with . or Enter, or press ? or * to list all spells.
Aiming: Throw Flame
Press: ? - help, Shift-Dir - straight line, f/p - centaur
Aim: a centaur (moderately wounded)
The puff of flame hits the centaur warrior.
The centaur warrior is severely wounded.
The centaur warrior shoots an arrow.
The arrow hits you!
You die...

##### #.##. ####
#..'. #..# #..##
###..#### #...'
#.......#####..##
###..........#.###.
#.@..%.....#####...
#.....######'#..'....
##....#........##.(/.
###..#.......##.....
#cc#.......#......
#c##....####'####.
...######....#..#.
... # #.....###.'.
.c. #.##....#.####


You could see a centaur warrior and 3 centaurs.

Vanquished Creatures
  A hydra (D:11)
  2 hill giants
  Erolcha (D:8)
  The ghost of dsn the Slicer, an experienced KoBe of Trog (D:6)
  The ghost of bronies4ever the Ruinous, an experienced GrWz of Vehumet (D:7)
  Psyche (D:8)
  A troll (D:9)
  A two-headed ogre (D:11)
  A wyvern (D:9)
  An octopode (D:9)
  11 yaks
  A hill giant zombie (D:11)
  2 steam dragons
  3 hungry ghosts
  A necrophage (D:10)
  4 ogres
  6 orc warriors
  3 sky beasts
  The ghost of 4tharraofdagon the Ruffian, an average MiMo (D:5)
  A black bear (D:7)
  An ice beast (D:7)
  A giant goldfish (D:9)
  A centaur (D:7)
  A water moccasin (D:12)
  3 big kobolds
  6 lava worms (D:10)
  2 phantoms
  5 giant frogs
  A cyclops skeleton (D:9)
  A troll zombie (D:9)
  4 eyes of draining
  2 yak zombies (D:11)
  5 killer bees (D:7)
  A jellyfish (D:9)
  A hippogriff skeleton (D:7)
  9 wights
  A centaur zombie (D:6)
  An electric eel (D:9)
  4 goliath beetles
  A big fish (D:9)
  5 crimson imps
  5 hounds
  5 orc priests
  4 jellies
  3 orc wizards
  3 scorpions
  3 quasits
  2 iguanas (D:7)
  12 worker ants
  Jessica (D:2)
  4 gnolls (D:5)
  9 adders
  3 giant mites
  4 worms
  An adder skeleton (D:9)
  An adder zombie (D:8)
  An iguana zombie (D:6)
  A giant eyeball (D:7)
  7 giant geckos
  2 oozes
  38 orcs
  5 giant cockroaches
  13 goblins
  19 hobgoblins
  4 jackals
  33 kobolds
  19 bats
  5 giant newts
  3 giant spores
  2 hobgoblin skeletons
  A kobold skeleton (D:4)
  A kobold zombie (D:8)
  An orc skeleton (D:4)
  3 quokkas
  16 rats
  4 ballistomycetes
  A plant (D:7)
339 creatures vanquished.

Vanquished Creatures (others)
  A goblin (D:7)
  3 kobolds (D:8)
4 creatures vanquished.

Grand Total: 343 creatures vanquished

Notes
Turn   | Place    | Note
--------------------------------------------------------------
     0 | D:1      | Kae, the Tengu Fire Elementalist, began the quest for the Orb.
     0 | D:1      | Reached XP level 1. HP: 10/10 MP: 3/3
   226 | D:1      | Reached XP level 2. HP: 15/15 MP: 3/5
   802 | D:2      | Reached XP level 3. HP: 16/19 MP: 0/7
   855 | D:2      | Noticed Jessica
   895 | D:2      | Killed Jessica
  1035 | D:2      | Reached XP level 4. HP: 20/24 MP: 3/9
  1560 | D:3      | Reached skill level 4 in Conjurations
  1748 | D:3      | Reached XP level 5. HP: 28/28 MP: 5/12
  2087 | D:3      | Noticed Sigmund
  2585 | D:4      | Learned a level 2 spell: Throw Flame
  2745 | D:4      | Noticed an ogre
  2772 | D:4      | Learned a level 3 spell: Conjure Flame
  2825 | D:4      | Killed an ogre
  2825 | D:4      | Reached skill level 5 in Conjurations
  2825 | D:4      | Reached XP level 6. HP: 29/32 MP: 0/14
  3053 | D:4      | Noticed an ogre
  3059 | D:4      | Killed an ogre
  3059 | D:4      | Reached skill level 6 in Conjurations
  3321 | D:5      | Entered Level 5 of the Dungeon
  3359 | D:5      | Reached skill level 5 in Fire Magic
  3359 | D:5      | Reached XP level 7. HP: 27/36 MP: 11/17
  3489 | D:5      | Found Yvihoich's Magical Wand Shoppe.
  3655 | D:5      | Found a glowing golden altar of the Shining One.
  3783 | D:5      | Noticed 4tharraofdagon's ghost (average MiMo)
  4092 | D:5      | Killed 4tharraofdagon's ghost
  4092 | D:5      | Reached skill level 7 in Conjurations
  5165 | D:6      | Noticed dsn's ghost (experienced KoBe)
  5174 | D:6      | Killed dsn's ghost
  5174 | D:6      | Reached skill level 8 in Conjurations
  5174 | D:6      | Reached XP level 8. HP: 23/41 MP: 8/20
  5275 | D:6      | Reached skill level 9 in Conjurations
  5413 | D:6      | Found Cianuul's Magic Scroll Shoppe.
  5428 | D:6      | Bought a scroll of identify for 24 gold pieces
  5428 | D:6      | Bought a scroll of identify for 24 gold pieces
  5428 | D:6      | Bought a scroll of magic mapping for 42 gold pieces
  5428 | D:6      | Bought a scroll of identify for 24 gold pieces
  5428 | D:6      | Bought a scroll of teleportation for 36 gold pieces
  5598 | D:6      | Reached skill level 5 in Spellcasting
  5696 | D:6      | Found an iron altar of Okawaru.
  5718 | D:6      | Noticed Eustachio
  5737 | D:6      | HP: 1/41 [Eustachio/wand of magic darts (10)]
  6223 | D:7      | Reached skill level 10 in Conjurations
  6443 | D:7      | Found a staircase to the Orcish Mines.
  6517 | D:7      | Reached XP level 9. HP: 45/45 MP: 16/22
  6605 | D:7      | Noticed bronies4ever's ghost (experienced GrWz)
  6618 | D:7      | Killed bronies4ever's ghost
  6746 | D:7      | Learned a level 4 spell: Sticky Flame
  6752 | D:7      | Learned a level 5 spell: Fireball
  6774 | D:7      | HP: 2/45 [centaur (7)]
  6777 | D:7      | Reached skill level 11 in Conjurations
  7970 | D:7      | Found a staircase to the Ecumenical Temple.
  7990 | Temple   | Entered the Ecumenical Temple
  8046 | Temple   | Became a worshipper of Vehumet
  8744 | D:8      | Reached XP level 10. HP: 45/50 MP: 23/25
  8924 | D:8      | Noticed Psyche
  8927 | D:8      | Killed Psyche
  9057 | D:8      | Found a glowing silver altar of Zin.
  9246 | D:8      | Noticed Erolcha
  9365 | D:8      | Found a white marble altar of Elyvilon.
  9368 | D:8      | Found an ancient bone altar of Kikubaaqudgha.
  9371 | D:8      | Found a shimmering altar of Xom.
  9474 | D:8      | Acquired Vehumet's first power
  9474 | D:8      | Offered knowledge of Sandblast by Vehumet.
  9848 | D:8      | Killed Erolcha
  9848 | D:8      | Reached skill level 12 in Conjurations
  9848 | D:8      | Reached skill level 10 in Fire Magic
 10538 | D:9      | Gained mutation: Your flesh is heat resistant. [potion of mutation]
 10538 | D:9      | Gained mutation: You are resistant to electric shocks. [potion of mutation]
 11405 | D:9      | Found a shattered altar of Ashenzari.
 12078 | D:9      | HP: 1/50 [shark (4)]
 12384 | D:9      | Found Ghebloin's Food Shoppe.
 13396 | D:9      | Reached XP level 11. HP: 15/54 MP: 13/27
 14210 | D:9      | Offered knowledge of Shock by Vehumet.
 14213 | D:9      | Learned a level 1 spell: Shock
 14219 | D:9      | Learned a level 5 spell: Bolt of Magma
 14222 | D:9      | Learned a level 2 spell: Slow
 14603 | D:10     | Entered Level 10 of the Dungeon
 17028 | D:10     | Reached skill level 13 in Conjurations
 18109 | D:11     | Found a portal to a secret trove of treasure.
 18129 | D:11     | Offered knowledge of Searing Ray by Vehumet.
 18400 | D:11     | Acquired Vehumet's second power
 19293 | D:11     | Noticed a five-headed hydra
 19298 | D:11     | Killed a five-headed hydra
 19479 | D:11     | Noticed a hill giant
 19489 | D:11     | Killed a hill giant
 19828 | D:11     | Noticed Nessos
 20005 | D:10     | Offered knowledge of Mephitic Cloud by Vehumet.
 20116 | D:11     | Found Byob's Magical Wand Boutique.
 20152 | D:11     | HP: 2/54 [poisoned by Nessos]
 20701 | D:12     | Noticed a hill giant
 20706 | D:12     | Killed a hill giant
 20883 | D:12     | Noticed a centaur warrior
 20886 | D:12     | Shot with an arrow by a centaur warrior

Action                   |  1- 3 |  4- 6 |  7- 9 | 10-12 || total
-------------------------+-------+-------+-------+-------++-------
Melee: Dagger            |    19 |    31 |   141 |       ||   191
       Unarmed           |    12 |       |       |       ||    12
       Short sword       |       |       |    29 |    93 ||   122
Throw: Dart              |       |    10 |     6 |       ||    16
 Cast: Flame Tongue      |    49 |   102 |   271 |   458 ||   880
       Conjure Flame     |       |     3 |    14 |    27 ||    44
       Throw Flame       |       |       |    31 |    41 ||    72
       Sticky Flame      |       |       |    11 |    39 ||    50
       Fireball          |       |       |     1 |    20 ||    21
       Shock             |       |       |       |    44 ||    44
       Bolt of Magma     |       |       |       |    19 ||    19
 Abil: Fly               |       |     1 |       |    10 ||    11
Evoke: Wand              |       |     2 |     1 |     6 ||     9
  Use: Potion            |     2 |     2 |     5 |     7 ||    16
       Scroll            |       |       |     2 |    24 ||    26
 Stab: Paralysed         |       |     1 |       |       ||     1
       Distracted        |       |       |     1 |       ||     1
       Sleeping          |       |       |       |     4 ||     4
